[Event "*** Titled Tuesday Blitz"]
[Site "Chess.com"]
[Date "2021.03.16"]
[Round "7"]
[White "alejogarcia1999"]
[Black "GMJustin"]
[Result "0-1"]
[WhiteElo "2487"]
[BlackElo "2329"]
[TimeControl "180+1"]
[EndTime "11:17:52 PDT"]
[Termination "GMJustin won by resignation"]

1. Nf3 d5 2. g3 c5 3. Bg2 Nc6 4. d4 e6 5. O-O Nf6 6. c4 dxc4 7. Ne5 Nxe5 8. dxe5 Qxd1 9. Rxd1 Nd7 10. Na3 Nxe5 11. Bf4 f6 12. Bxe5 fxe5 13. Nxc4 Be7 14. Nxe5 Bf6 15.
Nc4 Ke7 16. e4 Bd4 17. e5 Rb8 18. a4 b6 19. Rac1 Ba6 20. Bc6 Rhf8 21.
Rc2 Bxc4 22. Rxc4 Bxf2+ 23. Kg2 Bd4 24. b4 Rf2+ 25. Kh1 Rbf8 26. bxc5 bxc5 27. Rb1 Rf1+ 28. Rxf1 Rxf1+ 29. Kg2 Re1 30. Kf3 Rxe5 31. Be4 h5 32. h4 g5 33. Rc1 Bb2 34. Rb1 Ba3 35. Rb7+ Kd6 36. Rh7 g4+ 37. Ke3 Bc1+ 38. Kd3 c4+ 39. Kd4 Bb2+ 40. Ke3 c3 41. Rb7 c2 42. Rxb2 c1=Q+ 43. Rd2+ Qxd2+ 44. Kxd2 Rxe4 45. Kd3 Rxa4 46. Ke3 Kd5 0-1

[Event "*** Titled Tuesday Blitz"]
[Site "Chess.com"]
[Date "2021.03.16"]
[Round "7"]
[White "cukin84"]
[Black "ViktoriyaTarasova"]
[Result "0-1"]
[WhiteElo "2122"]
[BlackElo "2356"]
[TimeControl "180+1"]
[EndTime "11:17:52 PDT"]
[Termination "ViktoriyaTarasova won by resignation"]

1. e4 c5 2. Nc3 d6 3. f4 g6 4. Nf3 Bg7 5. d3 e6 6. g3 Ne7 7. Bg2 O-O 8. O-O Nbc6 9. Be3 Rb8 10. Qe1 b5 11. Nd1 Bb7 12. Qf2 f5 13. e5 dxe5 14. Bxc5 exf4 15. gxf4 Nd5 16. Ng5 Qd7 17. Bxf8 Bd4 18. Bh6 Bxf2+ 19. Rxf2 Nd8 20. Re2 Nf6 21. Nf2 Bxg2 22. Kxg2 Nf7 23. Nxf7 Qxf7 24. Bg5 Nd5 25. Rae1 Re8 26. c3 Kg7 27. Nh3 h6 28. Bh4 Qb7 29. Kg1 Kf7 30. Bf2 Qa6 31. a3 Qd6 32. Re5 g5 33. fxg5 Rg8 34. Rxe6 Qxe6 35. Rxe6 Kxe6 36. Kf1 hxg5 37. Bc5 a6 38. Nf2 Nf4 39. Ke1 Rh8 40. h3 Nxh3 41. Nd1 Nf4 42. Kf2 Nxd3+ 43. Kg2 Nxc5 44.
Nf2 Ne4 45. Nd3 Rd8 46. Nb4 Rd6 47. b3 Ke5 48. c4 bxc4 49. bxc4 Nc5 50. Kf2 a5 51.
Nc2 Rd2+ 0-1

[Event "*** Titled Tuesday Blitz"]
[Site "Chess.com"]
[Date "2021.03.16"]
[Round "7"]
[White "Margency"]
[Black "Ermito2020"]
[Result "1-0"]
[WhiteElo "2724"]
[BlackElo "2519"]
[TimeControl "180+1"]
[EndTime "11:17:53 PDT"]
[Termination "Margency won by checkmate"]

1. e4 c5 2. Nf3 d6 3. d4 cxd4 4. Nxd4 Nf6 5. Nc3 Nc6 6. Bg5 e6 7. Qd2 a6 8. O-O-O Bd7 9. f3 Be7 10.
Be3 Nxd4 11. Bxd4 b5 12. Kb1 O-O 13. g4 b4 14. Ne2 a5 15. g5 Ne8 16. h4 Nc7 17. Ng3 Nb5 18. Bxb5 Bxb5 19. f4 d5 20. e5 a4 21. f5 exf5 22. Nxf5 b3 23. Rhg1 Rc8 24.
c3 bxa2+ 25. Ka1 a3 26. b3 Qd7 27. Nxg7 Qh3 28. Nh5 Bd7 29. e6 Bxe6 30. Nf6+ Bxf6 31. gxf6+ Kh8 32. Rg7 Bf5 33. Qh6 Rg8 34. Rxf7 Qg2 35. Qd2 Qf3 36. Re7 Rgf8 37. f7# 1-0

[Event "*** Titled Tuesday Blitz"]
[Site "Chess.com"]
[Date "2021.03.16"]
[Round "7"]
[White "AlexPapasimakopoulos"]
[Black "alexrustemov"]
[Result "0-1"]
[WhiteElo "2614"]
[BlackElo "2781"]
[TimeControl "180+1"]
[EndTime "11:17:54 PDT"]
[Termination "alexrustemov won by resignation"]

1. d4 g6 2. c4 Bg7 3. e4 c5 4. d5 d6 5. Bd3 e5 6. Nc3 Ne7 7. f4 Nd7 8. Nf3 O-O 9. O-O h6 10. fxe5 dxe5 11. Nh4 b6 12. Bd2 Ba6 13. b3 Nc8 14.
Qg4 Nd6 15. Rf2 Qe7 16. Raf1 Rae8 17. a4 Bc8 18. Qg3 Kh7 19. Nb5 Nf6 20. Nxd6 Qxd6 21. h3 Nh5 22. Qe3 Nf4 23. Bb1 Qe7 24. Nf3 g5 25. Nh2 Qd6 26. Qf3 Qg6 27. Ng4 f5 28.
exf5 Bxf5 29. Bxf5 Qxf5 30. Re1 e4 31. Qg3 Bd4 32.
Be3 Qg6 33. d6 Qxd6 34. Rd2 Re6 35. Red1 Nd3 36. Qxd6 Rxd6 37. Re2 Nf4 38. Red2 h5 39. Bxd4 cxd4 40. Ne3 d3 41. Kh2 Ne2 42. Re1 Rf2 43. Nd5 h4 44. Nc3 Nxc3 45. Rxf2 d2 46. Ref1 e3 47.
Rf7+ Kg6 48. Rxa7 e2 49. Rff7 e1=Q 50. Rg7+ Kf5 51. Raf7+ Rf6 52. Re7 0-1

[Event "*** Titled Tuesday Blitz"]
[Site "Chess.com"]
[Date "2021.03.16"]
[Round "7"]
[White "Vincent_Vega95"]
[Black "Gloomy_Wanderer"]
[Result "0-1"]
[WhiteElo "2738"]
[BlackElo "2686"]
[TimeControl "180+1"]
[EndTime "11:17:56 PDT"]
[Termination "Gloomy_Wanderer won on time"]

1. d4 Nf6 2. c4 e6 3. Nc3 Bb4 4. e3 b6 5. Ne2 Ba6 6. a3 Bxc3+ 7. Nxc3 d5 8. b3 O-O 9. Be2 dxc4 10. bxc4 Nc6 11.
Bf3 Bb7 12. O-O Na5 13. Bxb7 Nxb7 14. e4 Na5 15. Bg5 h6 16. Bh4 c5 17. d5 Nxc4 18.
Qe2 Ne5 19. Rad1 Qe7 20. d6 Qd8 21. f4 Ng6 22. Bg3 Nd7 23. e5 a6 24. Qg4 Kh7 25. a4 f5 26. exf6 Qxf6 27. Ne4 Qf5 28. Qe2 b5 29. h4 c4 30. h5 Nh8 31. Bh2 Rae8 32.
g4 Qf7 33. g5 Qf5 34. g6+ Kg8 35. Ng3 Qc5+ 36. Kg2 c3 37. axb5 axb5 38. Ne4 Qc6 39. Qf3 Rc8 40. Ra1 b4 41. Ra7 c2 42. Rc1 b3 0-1

[Event "*** Titled Tuesday Blitz"]
[Site "Chess.com"]
[Date "2021.03.16"]
[Round "7"]
[White "crazy_but_lazy"]
[Black "Mrlammy"]
[Result "1-0"]
[WhiteElo "2471"]
[BlackElo "2314"]
[TimeControl "180+1"]
[EndTime "11:17:56 PDT"]
[Termination "crazy_but_lazy won by checkmate"]

1. d4 Nf6 2. c4 e5 3. dxe5 Ng4 4. e4 Nxe5 5. f4 Nec6 6. Nf3 Bb4+ 7. Bd2 Qe7 8. Bd3 O-O 9. O-O Bc5+ 10. Kh1 a5 11.
Nc3 Na6 12. Nd5 Qd8 13. a3 Nd4 14. Bc3 Nxf3 15. Qxf3 c6 16. Ne3 Be7 17. Nf5 Bf6 18. e5 Be7 19. Rad1 Nc5 20. Bc2 Ne6 21. Qh3 g6 22. Nh6+ Kh8 23. f5 Ng5 24. Qg3 f6 25. exf6 Bxf6 26. Qxg5 Bxc3 27. Qxd8 Rxd8 28. Nf7+ Kg7 29. Nxd8 Bf6 30. Nxb7 Bxb7 31. Rxd7+ Kh6 32. fxg6 Bc8 33. Rxh7+ Kg5 34. h4+ Kg4 35. Rxf6 Ba6 36. Bd1+ Kg3 37. Rf3+ Kg4 38. Rf8+ Kg3 39. Rxa8 Bxc4 40.
g7 Kf2 41. g8=Q Bd5 42. Qxd5 cxd5 43. h5 d4 44. h6 d3 45. Re7 d2 46. h7 a4 47.
h8=Q Kf1 48. Rf8# 1-0

[Event "*** Titled Tuesday Blitz"]
[Site "Chess.com"]
[Date "2021.03.16"]
[Round "7"]
[White "dpopadic"]
[Black "ShahMatKanal"]
[Result "1-0"]
[WhiteElo "2348"]
[BlackElo "2457"]
[TimeControl "180+1"]
[EndTime "11:17:57 PDT"]
[Termination "dpopadic won on time"]

1. e4 c5 2. Nc3 Nc6 3. f4 g6 4. Nf3 Bg7 5. Bc4 Nh6 6. d3 O-O 7. O-O e6 8. Qe1 a6 9. a4 Nd4 10. Nxd4 cxd4 11. Ne2 d5 12. Bb3 dxe4 13. dxe4 d3 14. Nc3 dxc2 15. Bxc2 Bd7 16. Kh1 Bc6 17. Be3 Qa5 18. Qh4 f5 19. Rad1 Ng4 20. Bg1 Bf6 21.
Qg3 Bg7 22. h3 Nf6 23. exf5 exf5 24. Bd4 Nh5 25. Qf2 b5 26. Bb6 Qb4 27. Bc5 Qc4 28. Bxf8 Rxf8 29. axb5 axb5 30. Rd6 b4 31. Nb1 Ng3+ 32.
Qxg3 Qxf1+ 33. Kh2 Ba8 34. Bb3+ Kh8 35. Nd2 Qe2 36. Nc4 Rc8 37. Rd7 Be4 38. Nd6 Rf8 39. Nf7+ Rxf7 40. Rxf7 Bd4 41. Qg5 1-0

[Event "*** Titled Tuesday Blitz"]
[Site "Chess.com"]
[Date "2021.03.16"]
[Round "7"]
[White "Murad_Ibrahimli"]
[Black "Anton_Demchenko"]
[Result "1-0"]
[WhiteElo "2787"]
[BlackElo "2879"]
[TimeControl "180+1"]
[EndTime "11:17:58 PDT"]
[Termination "Murad_Ibrahimli won on time"]

1. d4 Nf6 2. c4 g6 3. Nc3 Bg7 4. Nf3 O-O 5. Bg5 d6 6. e3 Nbd7 7. Be2 c6 8. O-O h6 9. Bh4 a6 10. Nd2 e5 11. Qc2 exd4 12. exd4 g5 13. Bg3 Ne8 14.
Nb3 f5 15. f4 g4 16. Kh1 Ndf6 17. Bh4 Qc7 18. Bd3 Qf7 19. Rae1 Qh5 20. g3 Bd7 21. Re7 Rf7 22. Rfe1 Bf8 23. Rxf7 Kxf7 24. Na4 Ng7 25. Nb6 Rd8 26. d5 Qg6 27. Nxd7 Rxd7 28. Nd4 Ne4 29. Rxe4 fxe4 30. Bxe4 Qh5 31. dxc6 bxc6 32. Bxc6 Re7 33. Bd5+ Ke8 34. Bxe7 Bxe7 35. Qa4+ Kf8 36. Qxa6 Qg6 37. Qc8+ Ne8 38. Ne6+ Kg8 39. f5 Qxf5 40. Qxe8+ Bf8 41. Qxf8+ Kh7 42. Qxf5+ 1-0

[Event "*** Titled Tuesday Blitz"]
[Site "Chess.com"]
[Date "2021.03.16"]
[Round "7"]
[White "bazar-wokzal"]
[Black "Evandro_Barbosa"]
[Result "1-0"]
[WhiteElo "2506"]
[BlackElo "2639"]
[TimeControl "180+1"]
[EndTime "11:17:58 PDT"]
[Termination "bazar-wokzal won on time"]

1. e4 c5 2. c3 Nf6 3. e5 Nd5 4. d4 cxd4 5. cxd4 e6 6. Nc3 Nxc3 7. bxc3 d6 8. f4 Bd7 9. Nf3 Bc6 10. Bd3 Nd7 11.
O-O g6 12. Ng5 Bg7 13. Ba3 dxe5 14. Nxf7 Kxf7 15. fxe5+ Kg8 16. Qg4 Qe8 17. Rf2 Rd8 18. Raf1 Nxe5 19. dxe5 Rxd3 20. Bf8 Rd8 21. Bxg7 Kxg7 22. Qg5 Qd7 23. Rf7+ Qxf7 24. Rxf7+ Kxf7 25. Qf6+ Ke8 26. Qxe6+ Kf8 27. Qf6+ Ke8 28. Qxh8+ Kd7 29. Qxh7+ Kc8 30. Qxg6 Rd1+ 31. Kf2 Rd2+ 32. Ke3 Rxg2 33. Qe6+ Kc7 34. Qd6+ Kb6 35. h4 Rh2 36. Qd8+ Ka6 37. e6 Rh3+ 38. Kf4 Rh1 39. Kg5 Re1 40. e7 Re5+ 41. Kf6 Re4 42. h5 Rf4+ 43. Kg5 Re4 44. h6 1-0

[Event "*** Titled Tuesday Blitz"]
[Site "Chess.com"]
[Date "2021.03.16"]
[Round "7"]
[White "QuintilianoR"]
[Black "Omk124"]
[Result "1/2-1/2"]
[WhiteElo "2732"]
[BlackElo "2563"]
[TimeControl "180+1"]
[EndTime "11:17:59 PDT"]
[Termination "Game drawn by repetition"]

1. Nf3 Nf6 2. c4 g6 3. d4 d5 4.
cxd5 Nxd5 5. e4 Nb6 6. h3 Bg7 7. Be3 O-O 8. Nc3 Nc6 9. Be2 Na5 10. O-O Nac4 11. Bc1 e5 12. d5 Nd6 13. Qb3 Bd7 14. a4 a5 15. Be3 Kh8 16. Nd2 f5 17. Rac1 fxe4 18. Bxb6 cxb6 19. Ndxe4 Nf5 20. Bb5 Nd4 21. Qa2 Bxb5 22. Nxb5 Ne2+ 23. Kh1 Nxc1 24. Rxc1 Qh4 25. Qc4 Rf4 26. f3 Raf8 27. Qe2 Bh6 28. Rf1 Qh5 29. Nbc3 Rh4 30. Kg1 Qf5 31. Nf2 Rd4 32.
Nce4 Rxd5 33. Ng4 Bg7 34. Ne3 Qd7 35. Nxd5 Qxd5 36. Rd1 Qc6 37. Qb5 Rc8 38. Rd7 Qxb5 39. axb5 Rc1+ 40. Kh2 Bh6 41. Nf6 Bf4+ 42. g3 Rc2+ 43.
Kh1 Rc1+ 44. Kg2 Rc2+ 45. Kf1 Rc1+ 46. Ke2 Rc2+ 47. Kd1 Rc1+ 48. Ke2 Rc2+ 49. Kd1 Rc1+ 50. Ke2 1/2-1/2

[Event "*** Titled Tuesday Blitz"]
[Site "Chess.com"]
[Date "2021.03.16"]
[Round "7"]
[White "AlhosaniOmran1"]
[Black "The_filthy"]
[Result "1-0"]
[WhiteElo "2490"]
[BlackElo "2306"]
[TimeControl "180+1"]
[EndTime "11:18:00 PDT"]
[Termination "AlhosaniOmran1 won by resignation"]

1. c4 Nf6 2. Nc3 c6 3. d4 d5 4.
cxd5 cxd5 5. Nf3 Nc6 6. e3 e6 7. Be2 Bd6 8. O-O O-O 9. b3 a6 10. Bb2 Bd7 11. Rc1 Rc8 12. Bd3 Re8 13. Bb1 Bb8 14.
e4 dxe4 15. Nxe4 Nxe4 16. Bxe4 e5 17. dxe5 Nxe5 18. Nxe5 Bxe5 19. Rxc8 Qxc8 20. Bxh7+ Kxh7 21. Qh5+ Kg8 22. Bxe5 Qc5 23. Qd1 Bb5 24. Bd4 Qe7 25. Qg4 f5 26. Qxf5 Bxf1 27. Qd5+ Kh7 28. Qh5+ Kg8 29.
Qd5+ Qe6 30. Qxe6+ Rxe6 31. Kxf1 Rc6 32. a4 Rc2 33. b4 Kf7 34. a5 g5 35. g3 g4 36. Kg2 Ke6 37. h3 gxh3+ 38. Kxh3 Kd5 39. Bc5 Ke4 40. Kg4 Rc4 41. f4 Rc2 42. Kg5 Rg2 43. g4 Kf3 44. f5 Rxg4+ 45. Kf6 Ke4 46. Ke6 Rf4 47. f6 Rf1 48. f7 Rxf7 49. Kxf7 1-0

[Event "*** Titled Tuesday Blitz"]
[Site "Chess.com"]
[Date "2021.03.16"]
[Round "7"]
[White "Sanyura"]
[Black "InitiatingASC"]
[Result "1/2-1/2"]
[WhiteElo "2622"]
[BlackElo "2455"]
[TimeControl "180+1"]
[EndTime "11:18:01 PDT"]
[Termination "Game drawn by repetition"]

1. e4 c5 2. Nf3 Nc6 3. d4 cxd4 4. Nxd4 Nf6 5. Nc3 e5 6. Ndb5 h6 7. Be2 d6 8. Nd5 Nxd5 9. exd5 Nb8 10. a4 Be7 11. Bd2 O-O 12. a5 Na6 13. O-O f5 14. c4 Nc5 15. b4 Ne4 16. Be1 Bd7 17. Nc3 Nxc3 18. Bxc3 g5 19. Qb3 g4 20. c5 Kh7 21.
Rad1 Qe8 22. a6 Ba4 23. Qa2 Bxd1 24. axb7 Bxe2 25. bxa8=Q Qxa8 26. Qxe2 Qxd5 27. Rd1 Qe6 28. c6 f4 29. b5 Kg8 30. Qe4 f3 31. c7 fxg2 32. Kxg2 h5 33. Rd3 Qf6 34. Rd2 Kg7 35.
Bb4 Rc8 36. Rc2 d5 37. Qxd5 Bxb4 38. Qd7+ Qf7 39. Qxc8 Qf3+ 40. Kg1 Qd1+ 41. Kg2 Qf3+ 42. Kg1 Qd1+ 43. Kg2 Qf3+ 1/2-1/2

[Event "*** Titled Tuesday Blitz"]
[Site "Chess.com"]
[Date "2021.03.16"]
[Round "7"]
[White "GameOverBro"]
[Black "Aslanov_Umid"]
[Result "0-1"]
[WhiteElo "2513"]
[BlackElo "2418"]
[TimeControl "180+1"]
[EndTime "11:18:01 PDT"]
[Termination "Aslanov_Umid won on time"]

1. e4 c5 2. Ne2 d6 3. g3 Nf6 4.
Bg2 Nc6 5. O-O e6 6. c3 Be7 7.
d4 cxd4 8. cxd4 O-O 9. Nbc3 Rb8 10. h3 a6 11. d5 exd5 12. exd5 Ne5 13. f4 Nc4 14. b3 Nb6 15. Be3 Bf5 16. g4 Bd7 17.
Qd4 Na8 18. a4 Nc7 19. Ng3 Nfe8 20. g5 g6 21. Rae1 Ng7 22. Nce4 Nf5 23. Nxf5 Bxf5 24.
Ng3 Qd7 25. Bc1 f6 26. Bb2 b5 27. a5 Rbe8 28. b4 Bxh3 29. f5 Bxf5 30. Nxf5 gxf5 31. Bh3 Bd8 32. Bxf5 Qg7 33. Kh2 Re5 34. gxf6 Qh6+ 35. Bh3 Bxf6 36. Rxf6 Rxf6 37. Rg1+ Rg6 38. Rxg6+ Qxg6 39. Qf2 Re7 40. Qd4 Re2+ 41. Kh1 Qb1+ 0-1

[Event "*** Titled Tuesday Blitz"]
[Site "Chess.com"]
[Date "2021.03.16"]
[Round "7"]
[White "annacramling"]
[Black "LamaChampetre"]
[Result "0-1"]
[WhiteElo "1995"]
[BlackElo "2228"]
[TimeControl "180+1"]
[EndTime "11:18:01 PDT"]
[Termination "LamaChampetre won on time"]

1. d4 Nf6 2. c4 g6 3. Nc3 d5 4.
cxd5 Nxd5 5. e4 Nxc3 6. bxc3 Bg7 7. Qa4+ Nd7 8. Nf3 O-O 9. Bg5 c5 10. Rd1 Qc7 11. Be2 h6 12. Be3 cxd4 13. cxd4 Nb6 14. Qa3 Bg4 15. O-O Qd7 16. Ne5 Bxe5 17. dxe5 Qc8 18. Bxg4 Qxg4 19. Bxh6 Rfe8 20. f3 Qh5 21. Bf4 Qh4 22. Bg3 Qg5 23. Qb3 Rac8 24. e6 f5 25.
exf5 gxf5 26. Be5 Qg6 27. Rc1 Rcd8 28. Qe3 Nd5 29. Qe2 Qxe6 30. f4 Qg6 31. Ba1 Nf6 32.
Qb2 Rd6 33. Rf3 Kf7 34. Rg3 Qh6 35. Rf1 Red8 36. Qb3+ Rd5 37. Qc2 Rd2 38. Qb3+ R8d5 0-1

[Event "*** Titled Tuesday Blitz"]
[Site "Chess.com"]
[Date "2021.03.16"]
[Round "7"]
[White "andriipalchuk"]
[Black "Kotofeyca"]
[Result "1-0"]
[WhiteElo "2565"]
[BlackElo "2343"]
[TimeControl "180+1"]
[EndTime "11:18:03 PDT"]
[Termination "andriipalchuk won by checkmate"]

1. d4 d5 2. c4 c6 3. Nc3 Nf6 4. cxd5 cxd5 5. Bf4 Nc6 6. Nf3 a6 7. e3 Bg4 8. Rc1 e6 9. Qb3 Bxf3 10. gxf3 Na5 11. Qa4+ Nc6 12. Qb3 Na5 13. Qc2 Rc8 14.
Bd3 b5 15. O-O Nc4 16. a4 Bd6 17. axb5 Bxf4 18. exf4 axb5 19. Nxb5 O-O 20. Qe2 Nh5 21. Bxc4 dxc4 22. Qe5 g6 23. Nd6 Rb8 24. Nxc4 Qh4 25. Kh1 Nxf4 26. Rc3 Rbd8 27. Ne3 Ne2 28. Ng2 Qxd4 29. Qxe2 Rb8 30. Rd1 Qf6 31. Ne3 Rb4 32. Ng4 Qh4 33. Qe5 Rfb8 34. Nf6+ Kg7 35. Nd7+ Kh6 36.
Nxb8 Qh3 37. Qg3 Qf5 38. Nc6 Rxb2 39. Nd4 Qf6 40. Re3 g5 41. Qh3+ Kg6 42. Nxe6 fxe6 43. Rxe6 Rxf2 44. Rxf6+ Kxf6 45. Rd6+ Ke5 46. Qe6+ Kf4 47.
Qe4# 1-0

[Event "*** Titled Tuesday Blitz"]
[Site "Chess.com"]
[Date "2021.03.16"]
[Round "7"]
[White "chessmadara"]
[Black "dosto07"]
[Result "1-0"]
[WhiteElo "2193"]
[BlackElo "2348"]
[TimeControl "180+1"]
[EndTime "11:18:03 PDT"]
[Termination "chessmadara won on time"]

1. e4 e5 2. Nf3 Nc6 3. d4 exd4 4. Nxd4 Nf6 5. Nxc6 bxc6 6. e5 Qe7 7. Qe2 Nd5 8. h4 Qe6 9. g3 g6 10. Bh3 f5 11. exf6 Qxe2+ 12. Kxe2 Nxf6 13. Bg5 Bg7 14. Re1 O-O 15. c3 Rb8 16. b3 Ba6+ 17. Kd2 d5 18. f3 Rfe8 19. Na3 Kf7 20. Nc2 c5 21. Rad1 h6 22. Bf4 Bc8 23. Bg2 Rxe1 24. Rxe1 Ne8 25. g4 Bb7 26. Bg3 Rd8 27. f4 Nd6 28.
c4 dxc4 29. Bxb7 Nxb7+ 30. Kc1 c3 31. Ne3 Rd2 32. Nc2 Nd6 33. f5 Rg2 34. Bxd6 cxd6 35.
fxg6+ Kxg6 36. Re6+ Kf7 37. Rxd6 Be5 38. Rd5 Bf4+ 39. Kd1 Ke6 40. Rd3 Rg1+ 41. Ke2 Rg2+ 42. Kd1 1-0

[Event "*** Titled Tuesday Blitz"]
[Site "Chess.com"]
[Date "2021.03.16"]
[Round "7"]
[White "JoliyRoger"]
[Black "IAgrest"]
[Result "1-0"]
[WhiteElo "2423"]
[BlackElo "2286"]
[TimeControl "180+1"]
[EndTime "11:18:04 PDT"]
[Termination "JoliyRoger won on time"]

1. Nf3 Nf6 2. c4 g6 3. d4 Bg7 4.
Nc3 O-O 5. e4 d6 6. h3 Na6 7.
Bg5 e5 8. d5 Qe8 9. Be2 Nc5 10. Nd2 a5 11. g4 Nfd7 12. Rg1 Kh8 13. Qc2 c6 14. h4 Bf6 15. Bh6 Rg8 16. Nf3 a4 17. Be3 Bg7 18. h5 Nf6 19. Nd2 gxh5 20. gxh5 Qf8 21. Bg5 Ne8 22. O-O-O f5 23. Be3 Na6 24.
exf5 Bxf5 25. Nde4 Nb4 26. Qb1 a3 27. b3 Nf6 28. f3 Nxh5 29. Rh1 Nf4 30. Bf1 Rc8 31.
Rd2 cxd5 32. Nxd5 Nbxd5 33. Bxf4 Nxf4 34. Bd3 Nxd3+ 35. Qxd3 b5 36. Kd1 bxc4 37. bxc4 Rb8 38. Rdh2 Rb2 39. Rxh7+ Bxh7 40. Rxh7+ Kxh7 41. Nf6+ Kh6 42. Qh7+ Kg5 43. Ne4+ Kf4 44. Qh5 Rb1+ 45. Kc2 Rb2+ 46.
Kd3 Qf5 47. Qh4+ 1-0

[Event "*** Titled Tuesday Blitz"]
[Site "Chess.com"]
[Date "2021.03.16"]
[Round "7"]
[White "rachidhuilda"]
[Black "Chesseyat004"]
[Result "0-1"]
[WhiteElo "2282"]
[BlackElo "2465"]
[TimeControl "180+1"]
[EndTime "11:18:04 PDT"]
[Termination "Chesseyat004 won by checkmate"]

1. d4 Nf6 2. Bg5 Ne4 3. Bf4 c5 4. f3 Qa5+ 5. c3 Nf6 6. Nd2 cxd4 7. Nb3 Qb6 8. Qxd4 d6 9. Qxb6 axb6 10. e4 e5 11. Be3 d5 12. Bxb6 dxe4 13. fxe4 Nxe4 14.
Nf3 Be6 15. Bb5+ Nd7 16. O-O f6 17. Rfd1 Bd6 18. Nfd2 Nxd2 19. Rxd2 Ke7 20. Rad1 Nxb6 21. Rxd6 Nc8 22. R6d2 Rxa2 23. Nc5 Bf5 24. Nxb7 Bg4 25. Be2 Bxe2 26. Rxe2 Nb6 27. Nc5 Rha8 28. Rdd2 Ra1+ 29. Kf2 Kf7 30. b4 Nc4 31. Rd7+ Kg6 32. h4 R8a2 33. Ne6 Rxe2+ 34. Kxe2 Kf5 35. Nxg7+ Ke4 36. Ne8 Ra2+ 37. Kf1 Ne3+ 38. Kg1 Rxg2+ 39. Kh1 Rf2 40. Nd6+ Kf3 41. Nf7 Kg3 42. Nxe5 Rf1# 0-1

[Event "*** Titled Tuesday Blitz"]
[Site "Chess.com"]
[Date "2021.03.16"]
[Round "7"]
[White "Mikhail_Golubev"]
[Black "eCztery"]
[Result "1-0"]
[WhiteElo "2547"]
[BlackElo "2412"]
[TimeControl "180+1"]
[EndTime "11:18:05 PDT"]
[Termination "Mikhail_Golubev won by resignation"]

1. e4 c5 2. Nf3 g6 3. Nc3 Nc6 4. d4 cxd4 5. Nxd4 Bg7 6. Be3 Nf6 7. Bc4 O-O 8. Bb3 Ng4 9. Qxg4 Nxd4 10. Qd1 Nc6 11. Qd2 Qa5 12. O-O d6 13. f4 Be6 14.
Rae1 Rac8 15. Kh1 a6 16. Rf3 Qb4 17. f5 Bxb3 18. axb3 Ne5 19. Rg3 Rfd8 20. Bg5 Nc6 21. Rf1 Qd4 22. Qe2 Bf6 23. fxg6 hxg6 24. Bxf6 exf6 25. Nd5 f5 26. Rxf5 Ne5 27. c3 Qc5 28. Ne7+ Kg7 29. Nxc8 Rxc8 30. Rf1 Qc6 31. Qe3 Rh8 32. Qd4 Qd7 33. h3 Qe7 34. Rgf3 f6 35. Rg3 g5 36. Rd1 Rd8 37. c4 Kg6 38. Re3 Qe6 39.
Rf1 Rh8 40. Rf5 g4 41. Qd5 gxh3 42. Qxe6 Nf3 43. Rexf3 hxg2+ 44. Kxg2 1-0

[Event "*** Titled Tuesday Blitz"]
[Site "Chess.com"]
[Date "2021.03.16"]
[Round "7"]
[White "renehp"]
[Black "Susal_De_Silva"]
[Result "0-1"]
[WhiteElo "2466"]
[BlackElo "2639"]
[TimeControl "180+1"]
[EndTime "11:18:09 PDT"]
[Termination "Susal_De_Silva won by resignation"]

1. e4 e5 2. Nf3 Nc6 3. Bb5 a6 4. Ba4 Nf6 5. O-O Be7 6. Re1 b5 7.
Bb3 d6 8. a4 Bg4 9. c3 O-O 10.
d3 Na5 11. Bc2 c5 12. Nbd2 b4 13. h3 Bh5 14. Nf1 Rb8 15. g4 Bg6 16. Ne3 b3 17. Bb1 Qc7 18. Nh4 Qd7 19. g5 Nh5 20. Nef5 h6 21. Qg4 Rbd8 22. gxh6 Bxh4 23. Qxh4 Bxf5 24. exf5 g6 25. d4 Kh8 26. Bg5 Rde8 27. dxc5 Rg8 28. Bf6+ Nxf6 29. Qxf6+ Kh7 30. fxg6+ fxg6 31. Re3 Nc4 32.
Rg3 Re6 33. Qh4 d5 34. Bd3 Nxb2 35. Bxa6 e4 36. Bb5 Qf7 37. c6 Nc4 38. Rd1 Ne5 39. Rxd5 b2 40. Rd7 Nxd7 41. cxd7 b1=Q+ 42. Kg2 Qd1 43. Qg5 Rf6 44. Qe3 Rf8 0-1

[Event "*** Titled Tuesday Blitz"]
[Site "Chess.com"]
[Date "2021.03.16"]
[Round "7"]
[White "KarateBaby"]
[Black "ellennilssen"]
[Result "1-0"]
[WhiteElo "2142"]
[BlackElo "2245"]
[TimeControl "180+1"]
[EndTime "11:18:11 PDT"]
[Termination "KarateBaby won by checkmate"]

1. Nf3 Nf6 2. c4 Nc6 3. d4 d5 4. cxd5 Nxd5 5. e4 Nf6 6. Nc3 Bg4 7. Bc4 Bxf3 8. gxf3 Qxd4 9. Qb3 Na5 10. Bxf7+ Kd8 11.
Qc2 e6 12. Be3 Qd7 13. Rd1 Bd6 14. e5 Qxf7 15. exd6 c6 16. Ke2 Nc4 17. Qb3 Ne5 18.
d7 b6 19. Ne4 Nfxd7 20. Ng5 Qf5 21. Nxe6+ Kc8 22. f4 Re8 23. Nd4 Qh5+ 24. Kd2 Nf3+ 25. Nxf3 Qxf3 26. Rc1 Kb7 27. Rhd1 Rad8 28. Kc2 Qe4+ 29.
Rd3 Nf6 30. Rd1 Nd5 31. Kc1 Nxf4 32. Rxd8 Ne2+ 33. Kd2 Rxd8+ 34. Kxe2 Qg4+ 35. f3 Qg2+ 36. Bf2 Re8+ 37. Kd3 Qxf2 38. Qf7+ Ka6 39. Qxe8 Qxf3+ 40. Kc2 Qf5+ 41. Kd2 Qf2+ 42. Qe2+ Qxe2+ 43. Kxe2 Kb5 44. Rd7 Kc4 45. Rxg7 b5 46. Rxh7 b4 47. Rxa7 c5 48.
Rc7 Kb5 49. h4 Kb6 50. Rc8 Kb5 51. h5 Kb6 52. h6 Kb5 53. h7 Kc4 54. h8=Q Kb5 55.
Qe5 Kc4 56. Qxc5# 1-0

[Event "*** Titled Tuesday Blitz"]
[Site "Chess.com"]
[Date "2021.03.16"]
[Round "7"]
[White "JiiHart"]
[Black "novocane"]
[Result "1-0"]
[WhiteElo "2079"]
[BlackElo "2241"]
[TimeControl "180+1"]
[EndTime "11:18:12 PDT"]
[Termination "JiiHart won on time"]

1. e4 c5 2. Nf3 Nc6 3. d4 cxd4 4. Nxd4 e5 5. Nb5 d6 6. N1c3 a6 7. Na3 Be7 8. Nd5 Nf6 9. Nc4 Nxd5 10. exd5 Nb8 11. Be3 Nd7 12. a4 O-O 13. a5 f5 14.
Nb6 Nxb6 15. Bxb6 Qe8 16. Be2 e4 17. c4 f4 18. b4 f3 19. Bf1 fxg2 20. Bxg2 Qg6 21.
Bf1 Bg4 22. Be2 Bf3 23. Rf1 Bg5 24. Ra3 Rae8 25. Be3 Bf6 26. Kd2 Qh5 27. Bxf3 exf3 28. Rg1 Re7 29. Rg3 Be5 30. Rg5 Qxh2 31. Qg1 Qxg1 32.
Rxg1 Bf4 33. c5 Bxe3+ 34. Rxe3 Rd7 35. c6 bxc6 36. dxc6 Rc7 37. Rc1 Rfc8 38. Rxf3 Rxc6 39. Rfc3 Rxc3 40. Rxc3 Rb8 41. Rc4 h5 42. Kc3 g5 43.
Rd4 Rd8 44. Rd5 1-0

[Event "*** Titled Tuesday Blitz"]
[Site "Chess.com"]
[Date "2021.03.16"]
[Round "7"]
[White "tptagain"]
[Black "Fighter008"]
[Result "1-0"]
[WhiteElo "2864"]
[BlackElo "2634"]
[TimeControl "180+1"]
[EndTime "11:18:13 PDT"]
[Termination "tptagain won by resignation"]

1. e4 c5 2. Nc3 a6 3. g4 b5 4. Bg2 Bb7 5. d3 e6 6. h4 d5 7.
exd5 exd5 8. Nf3 b4 9. Na4 Nf6 10. g5 Nfd7 11. O-O Be7 12. Bf4 O-O 13. Re1 Nc6 14. c4 bxc3 15. bxc3 Re8 16. Rb1 Na5 17.
Qd2 Bc6 18. Qc2 Bf8 19. Rxe8 Qxe8 20. Bc7 Nb7 21. Re1 Qc8 22. Bg3 Nd6 23. Bh3 Qd8 24. Bxd7 Qxd7 25. Nxc5 Qg4 26. Ne5 Qc8 27. Nxc6 Qxc6 28.
Nb3 Nf5 29. Qd2 Rc8 30. Nd4 Nxd4 31. cxd4 Qa4 32. Re2 Qxd4 33. Qe3 Qg4 34. Kg2 Qd7 35. Qe5 Qb5 36. Qf5 Qc6 37. h5 g6 38. Qf3 Bg7 39. h6 Bd4 40. Be5 Bxe5 41. Rxe5 Rd8 42. d4 Qd6 43. Qe3 Kf8 44. Qf4 Rd7 45. Qf3 Rd8 46. Re3 Qb6 47. Qf4 Qd6 48. Kf3 Qb6 49.
Rc3 Qe6 50. Qf6 Qe4+ 51. Kg3 Ke8 52. Re3 1-0

[Event "*** Titled Tuesday Blitz"]
[Site "Chess.com"]
[Date "2021.03.16"]
[Round "7"]
[White "ariosp"]
[Black "eightbyeightchess"]
[Result "0-1"]
[WhiteElo "2204"]
[BlackElo "2377"]
[TimeControl "180+1"]
[EndTime "11:18:14 PDT"]
[Termination "eightbyeightchess won on time"]

1. e4 d5 2. exd5 Nf6 3. d4 Bg4 4. Be2 Bxe2 5. Qxe2 Qxd5 6. Nf3 Nc6 7. Nc3 Qf5 8. Be3 O-O-O 9. O-O-O e6 10. h3 Bb4 11. Qc4 Qa5 12. Bd2 Nd5 13. Ne4 h6 14. a3 Bxd2+ 15. Rxd2 f5 16. Nc5 Rd6 17. Re1 Nb6 18. Qc3 Qxc3 19.
bxc3 Nc4 20. Rde2 Nxa3 21. Nxe6 a5 22. Nxg7 Nb5 23. Nxf5 Rd5 24. Ne5 Nxc3 25. Nxc6 Nxe2+ 26. Rxe2 bxc6 27. Ne7+ Kd7 28. Nxd5 cxd5 29. f4 Rf8 30.
Rf2 h5 31. g4 hxg4 32. hxg4 Ke6 33. Kb2 Rg8 34. Re2+ Kf6 35. g5+ Kf5 36. Re5+ Kxf4 37. Rxd5 Ke4 38. Rxa5 Kxd4 39. Ra4+ Kd5 40. Kc3 Rxg5 41.
Ra5+ c5 42. Kb3 Rg3+ 43. c3 Kc6 44. Kc4 Rg4+ 45. Kb3 Rg5 46. Ra8 Rg1 47. Rc8+ Kb6 48. Rb8+ Kc7 49. Rh8 Kc6 50. Rh6+ Kb5 51. c4+ Ka5 0-1